 Dungeon Crawl Stone Soup version 0.31-a0-978-g1e143483b6 (webtiles) character file.

Game seed: 7701022392457712923

2965 Arzdou the Basher (level 9, -13/71 HPs)
             Began as an Armataur Gladiator on Oct 30, 2023.
             Was an Initiate of the Shining One.
             Shot with an arrow by a centaur warrior (16 damage)
             ... on level 8 of the Dungeon.
             The game lasted 00:10:28 (6426 turns).

Arzdou the Basher (Armataur Gladiator)              Turns: 6426, Time: 00:10:29

Health: -13/71     AC:  7    Str: 21    XL:     9   Next: 52%
Magic:  11/11      EV: 10    Int: 10    God:    the Shining One [......]
Gold:   455        SH:  4    Dex: 13    Spells: 8/8 levels left

rFire   . . .        a - +1 flail
rCold   . . .        u - +0 buckler
rNeg    . . .        A - +0 steam dragon scales
rPois   .            c - +1 helmet
rElec   .            (no cloak)
rCorr   .            (no gloves)
SInv    .            (no barding)
Will    +....        (no amulet)
Stlth   +            (no ring)
HPRegen 0.31/turn    (no ring)
MPRegen 0.12/turn

%: roll
@: glowing
A: large, rugged brown scales 3, deformed body, armoured tail, roll, long
tongue, awkward tongue, talons 1, strong-willed 1, passive freeze, screaming 1
a: Renounce Religion


You were on level 8 of the Dungeon.
You worshipped the Shining One.
The Shining One was noncommittal.
You visited 2 branches of the dungeon, and saw 9 of its levels.
You also visited: Ossuary.

You collected 513 gold pieces.
You spent 58 gold pieces at shops.

Inventory:

Hand Weapons
 a - a +1 flail (weapon)
Missiles
 d - 4 throwing nets (quivered)
 e - a javelin
 r - 5 curare-tipped darts
Armour
 b - a +0 leather armour
 c - a +1 helmet (worn)
 u - a +0 buckler (worn)
 A - +0 steam dragon scales (worn)
Wands
 l - a wand of iceblast (14)
 s - a wand of polymorph (15)
 D - a wand of mindburst (20)
 E - a wand of flame (8)
Scrolls
 f - 3 scrolls of revelation
 g - 4 scrolls of immolation
 h - a scroll of blinking
 i - 7 scrolls of teleportation
 k - 2 scrolls of enchant armour
 m - 2 scrolls of fog
 q - a scroll of amnesia
 y - 4 scrolls of identify
 C - a scroll of poison {unknown}
Potions
 j - 3 potions of mutation
 n - a potion of might {unknown}
 o - 3 potions of heal wounds
 p - 5 potions of curing
 t - a potion of enlightenment {unknown}
 v - 2 potions of brilliance
 w - a potion of cancellation {unknown}
 x - 3 potions of attraction {unknown}
 z - a potion of resistance {unknown}
 B - 2 potions of lignification {unknown}


   Skills:
 - Level 2.1 Fighting
 - Level 12.0 Maces & Flails
 - Level 2.1 Throwing
 - Level 2.3 Dodging
 + Level 2.8 Invocations


You had 8 spell levels left.
You didn't know any spells.
Your spell library contained the following spells:

 Spells                   Type           Power      Damage    Failure   Level
 Apportation              Tloc           0%         N/A       43%         1
 Necrotise                Necr           0%         1d4       43%         1
 Cigotuvi's Dreadful Rot  Necr/Pois/Air  0%         N/A       58%         2
 Jinxbite                 Hex            0%         N/A       58%         2
 Wereblood                Tmut           0%         N/A       58%         2
 Ignite Poison            Fire/Tmut/Pois 0%         N/A       82%         3
 Summon Guardian Golem    Hex/Summ       0%         N/A       82%         3
 Vampiric Draining        Necr           0%         2d6       82%         3
 Agony                    Necr           0%         N/A       100%        5
 Alistair's Intoxication  Tmut/Pois      0%         N/A       100%        5
 Freezing Cloud           Conj/Ice/Air   0%         6-21      100%        5
 Irradiate                Conj/Tmut      0%         3d11      100%        5
 Orb of Destruction       Conj           0%         9d5       100%        7
 Spellforged Servitor     Conj/Summ      0%         N/A       100%        7


Dungeon Overview and Level Annotations

Branches:
Dungeon (8/15)             Temple (1/1) D:6         Ossuary (visited)
   Lair: D:8-11

Altars:
Ashenzari
Cheibriados
Dithmenos
Elyvilon
Gozag
Kikubaaqudgha
Makhleb
Nemelex Xobeh
Okawaru
Qazlal
Ru
Sif Muna
Trog
Uskayaw
Vehumet
Wu Jian
Xom
Yredelemnul
Zin
The Shining One

Shops:
D:4 [


Innate Abilities, Weirdness & Mutations

You are completely covered in rugged brown scales. (AC +3, +7% HP)
Armour fits poorly on your strangely shaped body.
You have a long armoured tail.
You roll when moving toward enemies. (Rampage)
Your long tongue fully drains potion bottles. (2x potion effects)
Your tongue gives you trouble enunciating. (1.5x scroll delay)
You have sharp toenails.
You are strong-willed. (Will+)
A frigid envelope surrounds you and freezes all who hurt you.
You occasionally shout uncontrollably at your foes.


Message History

You completely miss the orc.
The orc is lightly wounded.
You closely miss the orc. Your kick misses the orc.
The orc is lightly wounded.
The orc hits you but does no damage.
The orc is very cold.
You kill the orc!
No target in view!
f - 3 scrolls of revelation (gained 1) As you open the door, it creaks loudly!
You hear a shout! x4
You hear a croak.
A white imp comes into view.
You yell at the white imp!
You hear an angry buzzing noise.
A white imp is nearby!
You sock the white imp!
You kill the white imp!
The Shining One accepts your kill.
No target in view!
No target in view!
An orc warrior comes into view. It is wielding a +0 halberd.
The orc warrior shouts!
A boulder beetle comes into view.
As you close the door, it creaks loudly!
A centaur warrior opens the door.
The centaur warrior wields a +0 orcbow.
The centaur warrior shoots an arrow.
The arrow hits you!!
The centaur warrior shoots an arrow.
The arrow barely misses you.
The centaur warrior shoots an arrow.
You block the arrow.
You hear a shout!
You hear a loud, deep croak!
A centaur warrior comes into view.
The centaur warrior shoots an arrow.
The arrow closely misses you.
The centaur warrior shoots an arrow.
The arrow hits you.
The centaur warrior shoots an arrow.
The arrow hits you!
The centaur warrior wields a +0 orcbow.
The centaur warrior shoots an arrow.
The arrow hits you!
The centaur warrior shoots an arrow.
The arrow hits you!!
* * * LOW HITPOINT WARNING * * *
The boulder beetle leaps!
The centaur warrior shoots an arrow.
The arrow hits you!
You die...

###..... #..#
#....... #^..#
#<...... ....#
##...... ##.. #...##
####..... .. ##....
#...## ######........
.. ##....#
#...###.<....###)...
..##....#
#......###### ##<#.
..#....# ##.@##..#
#..# #......#
#..#....# ##.#
#..).## ##.......#
#.. ##.c#..#
###.......## ##.
...Bc..####.........#
.
##'###..##.c.......##
. ..#B
##..°c........# . .#
#o ##..........## #
#. ##........##


You could see 2 centaur warriors.

Vanquished Creatures
  Sigmund (D:3)
  Eustachio (D:6)
  3 steam dragons
  2 water moccasins (D:5)
  2 sky beasts (D:7)
  A black bear (D:6)
  3 ogres
  3 phantoms (D:5)
  A centaur (D:5)
  2 bullfrogs
  2 scorpions
  4 water moccasin zombies (Ossuary)
  A human zombie (D:4)
  An orc priest (D:3)
  4 hounds
  A sleepcap (D:4)
  5 iguanas
  2 orc wizards
  Terence (D:2)
  2 mummies (Ossuary)
  12 adders
  5 gnolls
  A white imp (D:8)
  2 ufetubi (D:7)
  5 adder zombies (Ossuary)
  5 worms
  3 dart slugs
  17 orcs
  8 endoplasms
  3 giant cockroaches
  6 gnoll zombies (Ossuary)
  9 hobgoblins
  2 jackals (D:2)
  7 kobolds
  2 quokkas
  8 ball pythons
  8 bats
  3 frilled lizards
  6 goblins
  4 hobgoblin zombies (Ossuary)
  6 kobold zombies (Ossuary)
  7 orc zombies (Ossuary)
  5 rats
176 creatures vanquished.

Vanquished Creatures (others)
  2 orcs (D:7)
  A butterfly (D:3)
3 creatures vanquished.

Grand Total: 179 creatures vanquished

Notes
Turn   | Place    | Note
-------+----------+-------------------------------------------
     0 | D:1      | Arzdou the Armataur Gladiator began the quest for the Orb.
     0 | D:1      | Reached XP level 1. HP: 18/18 MP: 1/1
   117 | D:1      | Reached XP level 2. HP: 25/25 MP: 2/2
   633 | D:2      | Reached skill level 3 in Maces & Flails
   766 | D:2      | Reached XP level 3. HP: 29/31 MP: 3/3
   923 | D:2      | Noticed Terence
   928 | D:2      | Killed Terence
  1287 | D:3      | Reached skill level 4 in Maces & Flails
  1293 | D:3      | Reached XP level 4. HP: 37/38 MP: 4/4
  1582 | D:3      | Found a white marble altar of Elyvilon.
  1625 | D:3      | Found an ornate altar of the Wu Jian Council.
  1873 | D:3      | Reached XP level 5. HP: 35/43 MP: 5/5
  1875 | D:3      | Reached skill level 5 in Maces & Flails
  1895 | D:3      | Gained mutation: You are strong-willed. (Will+) [potion of
                  | mutation]
  1895 | D:3      | Gained mutation: You occasionally shout uncontrollably at
                  | your foes. [potion of mutation]
  1895 | D:3      | Gained mutation: You have hidden genetic potential. [potion
                  | of mutation]
  2106 | D:3      | Found a sparkling altar of Nemelex Xobeh.
  2497 | D:3      | Noticed Sigmund
  2606 | D:4      | Found a hide-covered altar of Uskayaw.
  2678 | D:4      | Found Kofas's Armour Shoppe.
  2681 | D:4      | Bought a +0 buckler for 58 gold pieces
  2738 | D:4      | Found a bloodstained altar of Trog.
  2738 | D:4      | Found a sand-covered staircase.
  2750 | D:4      | Reached XP level 6. HP: 42/51 MP: 6/6
  2784 | Ossuary  | Entered an ossuary
  2817 | Ossuary  | Reached skill level 6 in Maces & Flails
  2821 | Ossuary  | Gained mutation: A frigid envelope surrounds you and
                  | freezes all who hurt you. [hidden potential]
  3054 | Ossuary  | Reached skill level 7 in Maces & Flails
  3054 | Ossuary  | Reached XP level 7. HP: 46/58 MP: 7/7
  3598 | D:4      | Gained mutation: You have sharp toenails. [hidden
                  | potential]
  3598 | D:4      | Lost mutation: You have hidden genetic potential. [hidden
                  | potential expressed]
  3817 | D:5      | Entered Level 5 of the Dungeon
  3831 | D:5      | Found a basalt altar of Yredelemnul.
  3840 | D:5      | Reached skill level 8 in Maces & Flails
  3901 | D:5      | Reached XP level 8. HP: 41/65 MP: 8/8
  4055 | D:5      | Reached skill level 9 in Maces & Flails
  4662 | D:6      | Noticed Eustachio
  4679 | D:6      | Reached skill level 10 in Maces & Flails
  4894 | D:6      | Killed Eustachio
  5051 | D:6      | Reached XP level 9. HP: 53/71 MP: 9/9
  5150 | D:6      | Reached skill level 11 in Maces & Flails
  5340 | D:6      | Found a staircase to the Ecumenical Temple.
  5349 | Temple   | Entered the Ecumenical Temple
  5360 | Temple   | Became a worshipper of the Shining One
  5558 | D:7      | Found a sacrificial altar of Ru.
  5910 | D:7      | Reached skill level 12 in Maces & Flails
  5910 | D:7      | Reached skill level 1 in Invocations
  5962 | D:7      | Found a radiant altar of Vehumet.
  6245 | D:3      | Killed Sigmund
  6411 | D:8      | Noticed a boulder beetle
  6415 | D:8      | Noticed a centaur warrior
  6419 | D:8      | Noticed a centaur warrior
  6426 | D:8      | HP: 3/71 [centaur warrior/arrow (21)]
  6426 | D:8      | Shot with an arrow by a centaur warrior

Illustrated notes

Levels and vault maps discovered:
D:1:      minmay_arrival_four_loops, layout_basic, minmay_crystal_room
D:2:      layout_basic, nicolae_figureground_pulse, uniq_terence
D:3:      layout_basic, mainiacjoe_overflow_surrounded_room,
          mainiacjoe_overflow_alcove_2, nicolae_elyvilon_peaceful_grove,
          nicolae_hexahallways, minmay_stone_trees_small, uniq_sigmund
D:4:      minmay_diamond_boxcup, layout_rooms, lemuel_tele_altar,
          trog_three_pillars_becter, serial_shops, kennysheep_mini,
          enter_ossuary_3
D:5:      layout_loops_cross, mainiacjoe_overflow_small_starburst
D:6:      layout_basic, minmay_temple_entry_antechambers, uniq_eustachio
D:7:      layout_cave_pools, vehumet_crystals, amcnicky_altar_gilded,
          grunt_decor_cap, sigmund_army
D:8:      minmay_the_grid_octo_2x2 [minmay_the_grid_octo_shrine,
          minmay_the_grid_octo_odd_swirl, minmay_the_grid_octo_concentric,
          minmay_the_grid_octo_prize_star], layout_cave_pods,
          lemuel_coloured_pillars_altar, chequers_serial_rivers_small_3,
          eino_jars, uniq_gastronok
Temple:   hellmonk_temple_forest_ring

Skill      XL: |  1  2  3  4  5  6  7  8  9 |
---------------+----------------------------+-----
Throwing       | 2 |  2.1
Fighting       | 2 |  2.1
Maces & Flails | 3 4 5 7 8 10 12 | 12.0
Invocations    | 2 |  2.8
Dodging        | |  2.3

Action                     |  1- 3 |  4- 6 |  7- 9 || total
---------------------------+-------+-------+-------++-------
  Melee: Flail             |   120 |   223 |   200 ||   543
         Tailslap          |    11 |    28 |    27 ||    66
         Punch             |     1 |       |       ||     1
         Kick              |       |       |    46 ||    46
    Use: Potion            |       |     1 |       ||     1
         Scroll            |       |       |    13 ||    13
   Stab: Sleeping          |       |     1 |       ||     1
 Armour: Leather armour    |    88 |   128 |    94 ||   310
         Steam dragon scal |       |       |    44 ||    44
  Dodge: Dodged            |    66 |   102 |    99 ||   267
  Block: Buckler           |       |    14 |    24 ||    38

Table legend: (Time is in decaauts)
 A = Elapsed time spent in this place.
 B = Non-inter-level travel time spent in this place.
 C = Inter-level travel time spent in this place.
 D = Time resting spent in this place.
 E = Time spent auto-exploring this place.
 F = Levels seen in this place.
 G = Mean time per level.
                   A        B        C        D        E       F      G
               +--------+--------+--------+--------+--------+-----+--------+
         Total |   6486 |   6221 |    265 |    617 |   4316 |  10 |  648.6 |
       Dungeon |   5787 |   5532 |    255 |    395 |   4059 |   8 |  723.4 |
        Temple |     22 |     12 |     10 |      0 |      0 |   1 |   22.0 |
       Ossuary |    676 |    676 |      0 |    222 |    257 |   1 |  676.0 |
               +--------+--------+--------+--------+--------+-----+--------+

Top non-repeatable levels by time:
     D:3: 1333 daAuts
     D:5: 974 daAuts
     D:6: 805 daAuts
     D:2: 795 daAuts
 Ossuary: 676 daAuts
     D:4: 640 daAuts
     D:7: 639 daAuts
     D:1: 494 daAuts
     D:8: 103 daAuts
  Temple: 22 daAuts
